Map: Ever Dream LE

Players

Silky - Winner!

  • Race: Zerg Zerg
  • Spawn Location: 1:00

Creature

  • Race: Protoss Protoss
  • Spawn Location: 7:00

Event: DreamHack SC2 Masters 2020 Summer North America

VOD

Have the link to the VOD?

Description

Time

  • Played on: June 30, 2020, 3:36 p.m.
  • Length: 11:46

All games in this series

Show
View Real Time Build Order
Export as new Build Order

Silky Zerg - Winner!

Build Orders: Hatch First, Muta Ling Bane 

Get SALT Encoding   

  12  0:00  Drone  
  13  0:12  Overlord  
  13  0:18  Drone  
  14  0:31  Drone x2  
  16  0:41  Drone  
  17  0:51  Hatchery  
  17  0:54  Drone  
  17  0:58  Drone  
  18  1:08  Extractor  
  17  1:13  Spawning Pool  
  17  1:15  Drone  
  17  1:19  Drone  
  18  1:28  Drone  
  19  1:39  Drone  
  20  1:50  Overlord  
  20  1:59  Queen  
  22  2:03  Zergling x4, Queen  
  26  2:11  Drone, Metabolic Boost  
  26  2:15  Drone  
  28  2:23  Drone  
  29  2:33  Hatchery, Drone  
  29  2:36  Drone  
  30  2:38  Drone  
  31  2:44  Overlord  
  31  2:51  Queen  
  31  2:55  Drone  
  31  2:57  Drone x2  
  36  3:06  Drone  
  36  3:08  Drone x2  
  36  3:09  Overlord  
  36  3:11  Drone  
  39  3:14  Drone  
  39  3:15  Drone  
  39  3:19  Drone x2  
  43  3:27  Queen  
  43  3:29  Drone x2  
  47  3:35  Drone  
  47  3:39  Drone x2, Overlord  
  50  3:44  Queen  
  52  3:49  Overlord  
  52  3:50  Drone x2  
  52  3:53  Drone  
  52  3:55  Drone  
  56  3:57  Drone  
  56  3:58  Spine Crawler  
  56  3:59  Drone  
  56  4:00  Zergling x2  
  58  4:06  Zergling x2  
  58  4:07  Roach Warren, Zergling x2  
  59  4:12  Zergling x6  
  59  4:16  Spore Crawler x2  
  61  4:17  Drone, Spore Crawler  
  61  4:23  Lair  
  61  4:25  Drone x2  
  61  4:28  Drone  
  61  4:29  Drone  
  61  4:31  Overlord  
  65  4:33  Extractor  
  65  4:35  Extractor  
  63  4:39  Overlord  
  63  4:53  Drone x7  
  63  4:54  Drone x3  
  73  5:01  Drone  
  73  5:02  Drone x5, Queen  
  81  5:07  Overlord  
  81  5:09  Drone  
  81  5:11  Extractor  
  81  5:12  Roach, Extractor  
  81  5:13  Extractor  
  81  5:18  Overlord x2  
  81  5:19  Overlord  
  81  5:22  Glial Reconstitution  
  81  5:23  Spire  
  81  5:27  Roach x2  
  84  5:31  Roach x3  
  90  5:37  Overlord  
  90  5:41  Overlord  
  89  5:48  Roach x6  
  97  5:51  Drone x2  
  97  5:52  Drone x3  
  99  5:57  Drone x3  
  99  6:04  Drone x2  
  104  6:14  Overseer, Overlord  
  104  6:17  Hatchery  
  103  6:19  Overlord  
  103  6:20  Overseer  
  103  6:35  Mutalisk x6  
  115  6:41  Roach x5  
  115  6:44  Overlord  
  115  6:46  Roach x3  
  131  6:51  Overlord  
  131  6:53  Drone x2  
  131  6:57  Evolution Chamber, Drone  
  131  6:59  Overlord  
  131  7:01  Overlord  
  131  7:02  Drone x3  
  131  7:05  Drone  
  131  7:06  Baneling Nest  
  134  7:13  Drone x2  
  134  7:14  Drone x4  
  140  7:18  Drone  
  141  7:24  Overlord  
  141  7:26  Zerg Melee Weapons Level 1  
  141  7:28  Overlord  
  141  7:30  Hatchery  
  141  7:35  Overlord  
  138  7:39  Overlord  
  138  7:42  Drone x4  
  138  7:43  Drone x2  
  142  7:44  Unknown  
  142  7:50  Zergling x14  
  142  7:51  Centrifical Hooks  
  148  7:54  Overlord  
  148  7:56  Overseer  
  148  7:59  Pneumatized Carapace  
  148  8:00  Zergling x10  
  148  8:03  Ravager x8  
  148  8:04  Ravager  
  162  8:09  Drone  
  162  8:11  Drone  
  162  8:12  Evolution Chamber, Roach x4  
  173  8:13  Roach  
  173  8:18  Zergling x4  
  173  8:19  Zergling x10  
  180  8:21  Zergling x4  
  182  8:29  Overlord  
  182  8:31  Zergling x12  
  182  8:33  Drone  
  182  8:34  Drone, Zergling x2  
  190  8:36  Infestation Pit  
  190  8:38  Zergling x4  
  190  8:41  Zerg Missile Weapons Level 1, Zergling x2  
  192  8:45  Baneling x19  
  192  8:46  Overseer  
  193  8:50  Zergling x2  
  193  8:51  Zergling x8  
  193  8:52  Zergling x2  
  199  9:03  Overlord  
  199  9:04  Baneling x21  
  199  9:15  Hive  
  199  9:17  Zergling x2  
  199  9:22  Zerg Melee Weapons Level 2  
  197  9:30  Zergling x44  
  196  9:37  Zergling x6  
  187  9:41  Zergling x8  
  187  9:45  Zergling x8  
  193  9:46  Zergling x6  
  193  9:47  Zergling x2  
  199  9:54  Baneling  
  199  9:55  Baneling x15  
  199  9:59  Overlord  
  199  10:01  Baneling x13  
  199  10:02  Baneling x10  
  192  10:16  Hatchery  
  192  10:20  Zergling x2  
  192  10:21  Zergling x26  
  179  10:27  Roach x4  
  187  10:34  Baneling x13  
  183  10:36  Roach x2, Zergling x4  
  183  10:40  Baneling x2  
  183  10:41  Baneling x9  
  183  10:42  Zergling x2  
  182  10:44  Roach  
  182  10:47  Roach x3  
  186  10:58  Zergling x22  
  192  11:05  Zergling x16  
  160  11:14  Zergling x22  
  160  11:18  Roach x2  
  160  11:21  Baneling x9  
Show
View Real Time Build Order
Export as new Build Order

Creature Protoss 

Build Orders: 1 Gate Expand, Archon Immortal, Archon Drop, Dark Templar Rush 

Get SALT Encoding   

  12  0:00  Probe  
  13  0:13  Probe  
  14  0:18  Pylon  
  14  0:27  Probe  
  15  0:37  Gateway, Probe  
  16  0:45  Probe  
  17  0:50  Assimilator  
  17  0:55  Probe  
  18  1:07  Probe  
  19  1:19  Probe  
  20  1:28  Nexus  
  20  1:39  Cybernetics Core  
  20  1:41  Probe  
  20  1:46  Assimilator  
  21  1:53  Probe  
  22  1:55  Pylon  
  22  2:05  Adept, Probe  
  25  2:16  Warp Gate  
  25  2:17  Probe  
  26  2:26  Twilight Council  
  26  2:29  Probe  
  27  2:35  Stalker  
  29  2:37  Probe  
  29  2:38  Probe  
  31  2:45  Probe  
  31  2:46  Probe  
  33  2:54  Probe  
  33  2:56  Probe  
  33  2:57  Robotics Facility  
  35  3:07  Probe  
  35  3:08  Probe  
  37  3:15  Gateway  
  37  3:19  Probe  
  38  3:22  Dark Shrine  
  38  3:25  Adept, Probe  
  41  3:33  Gateway, Probe  
  42  3:39  Warp Prism, Pylon  
  42  3:40  Probe  
  43  3:45  Probe  
  44  3:53  Assimilator  
  46  3:57  Probe x2  
  46  4:02  Pylon  
  48  4:09  Probe x2  
  50  4:10  Adept  
  52  4:21  Probe x2  
  54  4:28  Pylon  
  54  4:33  Nexus  
  54  4:37  Dark Templar x2  
  54  4:38  Dark Templar  
  60  4:43  Pylon  
  60  4:44  Probe x2  
  62  4:55  Forge  
  62  4:56  Probe  
  63  5:01  Probe  
  63  5:04  Shield Battery  
  64  5:08  Archon  
  64  5:09  Dark Templar x2  
  64  5:11  Probe  
  64  5:13  Archon  
  69  5:15  Assimilator  
  69  5:18  Gateway  
  69  5:19  Gateway  
  69  5:22  Gateway  
  69  5:23  Probe  
  69  5:24  Probe  
  71  5:30  Sentry  
  71  5:35  Probe  
  74  5:36  Probe  
  74  5:42  Protoss Ground Weapons Level 1  
  74  5:44  Immortal  
  74  5:46  Probe  
  74  5:47  Probe  
  74  5:49  Adept x2  
  78  5:50  Probe  
  77  5:58  Probe  
  77  5:59  Probe, Pylon  
  77  6:03  Probe  
  80  6:06  Probe  
  80  6:07  Sentry  
  83  6:12  Charge  
  83  6:14  Pylon  
  83  6:15  Probe  
  83  6:17  Pylon  
  83  6:18  Probe x2  
  84  6:19  Observer  
  84  6:23  Gateway  
  84  6:25  Probe  
  87  6:26  Gateway  
  87  6:28  Immortal  
  87  6:30  Probe  
  90  6:40  Probe  
  90  6:41  Sentry, Assimilator  
  90  6:42  Assimilator, Zealot x3  
  102  6:49  Probe  
  102  6:53  Pylon  
  103  6:55  Pylon  
  103  6:58  Sentry, Zealot  
  107  7:04  Gateway  
  107  7:07  Gateway  
  107  7:10  Pylon  
  107  7:15  Stalker x4  
  115  7:19  Photon Cannon  
  115  7:21  Photon Cannon  
  115  7:31  Immortal  
  115  7:34  Stalker x2  
  115  7:35  Zealot x2  
  117  7:43  Blink  
  119  7:47  Protoss Ground Weapons Level 2  
  119  7:51  Dark Templar x2  
  119  7:52  Zealot x2  
  119  7:57  Archon  
  127  7:59  Photon Cannon  
  127  8:01  Photon Cannon, Immortal  
  131  8:17  Pylon x2  
  131  8:18  Pylon  
  131  8:20  Zealot  
  131  8:25  Probe  
  132  8:29  Photon Cannon  
  132  8:31  Immortal  
  132  8:32  Probe  
  133  8:35  Probe  
  138  8:42  Templar Archives  
  138  8:43  Zealot x4  
  146  8:57  Pylon  
  146  9:06  Nexus  
  145  9:14  Dark Templar  
  145  9:15  Dark Templar x3  
  145  9:16  Zealot x2  
  157  9:19  Pylon  
  157  9:20  Archon x2, Pylon  
  155  9:27  Stalker x4  
  129  9:39  Probe  
  129  9:42  Probe  
  129  9:45  High Templar x2  
  132  9:53  Probe  
  132  9:54  Archon, Probe  
  132  9:59  High Templar, Probe  
  137  10:00  High Templar x2, Zealot  
  137  10:01  Zealot x3  
  137  10:02  High Templar  
  137  10:05  Probe  
  152  10:07  Archon  
  152  10:08  Archon  
  119  10:21  Probe x2  
  119  10:22  Probe  
  119  10:26  Zealot x6  
  127  10:40  Probe  
  127  10:47  High Templar x4  
  127  10:48  Zealot x6  
  147  10:51  Archon x2  
  147  10:54  Probe  
  96  11:16  Zealot x5  
  96  11:17  Zealot  
  98  11:20  Zealot x4  
  74  11:41  Dark Templar x4, Zealot  
Tags
 
Add a new tag
Caveats
  • Supply blocks, unpowered buildings, or Contaminate may cause inaccurate times.
  • Supply counts are checked every 10 seconds.